[Event "EYCC Open-U10 2019"]
[Site "Bratislava"]
[Date "2019.08.05"]
[Round "4.10"]
[White "Efimov, Leonid"]
[Black "Gordeev, Denis"]
[Result "1-0"]
[ECO "A43"]
[WhiteElo "1773"]
[BlackElo "1467"]
[Annotator "NA"]
[PlyCount "109"]
[EventDate "2019.08.02"]
[EventType "swiss"]
[EventCountry "SVK"]
[SourceTitle "playchess.com"]
[Source "ChessBase"]
[SourceQuality "1"]
[TimeControl "40/5400+30:1800+30"]

1. d4 c5 2. d5 g6 3. e4 Bg7 4. Nc3 d6 5. Nf3 Nf6 6. Bc4 O-O 7. O-O Bg4 8. h3 Bxf3 9. Qxf3 Na6 10. Re1 Nc7 11. Bf4 Nd7 12. Qd1 Ne5 13. Bf1 a6 14. a4 b6 15. Bh2 g5 16. Qh5 e6 17. Rad1 Qf6 18. Bg3 Rad8 19. f4 Qg6 20. Qxg5 Qxg5 21. fxg5 Rfe8 22. Be2 Rd7 23. h4 Red8 24. h5 Kf8 25. Bh4 Re8 26. Rf1 Kg8 27. Kh1 Rb8 28. Ra1 exd5 29. Nxd5 Nxd5 30. exd5 b5 31. axb5 axb5 32. Ra6 Nc4 33. Bg4 Rc7 34. Re1 Bxb2 35. Bg3 Be5 36. Bxe5 Nxe5 37. Bf5 Rd8 38. Rb6 b4 39. Ra1 Nc4 40. Rba6 Ne3 41. Ra8 Rf8 42. Bxh7+ Kg7 43. h6+ Kxh7 44. Rxf8 Nxd5 45. Raa8 Ne3 46. Rh8+ Kg6 47. Rhg8+ Kf5 48. h7 Nxc2 49. h8=Q b3 50. Qf6+ Ke4 51. Rge8+ Kd3 52. Qf3+ Kd2 53. Re2+ Kc1 54. Ra1+ Kb2 55. Qf6# 1-0

[Event "EYCC Open-U10 2019"]
[Site "Bratislava"]
[Date "2019.08.06"]
[Round "5.1"]
[White "Samunenkov, Ihor"]
[Black "Materia, Marco"]
[Result "1-0"]
[ECO "C55"]
[WhiteElo "1985"]
[BlackElo "2243"]
[Annotator "NA"]
[PlyCount "137"]
[EventDate "2019.08.02"]
[EventType "swiss"]
[EventCountry "SVK"]
[SourceTitle "playchess.com"]
[Source "ChessBase"]
[SourceQuality "1"]
[TimeControl "40/5400+30:1800+30"]

1. e4 e5 2. Nf3 Nc6 3. d4 exd4 4. Bc4 Nf6 5. e5 d5 6. Bb5 Ne4 7. Nxd4 Bc5 8. Be3 O-O 9. Nxc6 bxc6 10. Bxc5 Nxc5 11. Bxc6 Rb8 12. Qxd5 Qe7 13. O-O Rxb2 14. Nc3 Rxc2 15. Qd4 Ba6 16. Rfd1 Ne6 17. Nd5 Qa3 18. Qa4 Qxa4 19. Bxa4 Re2 20. Re1 c5 21. Rxe2 Bxe2 22. Rc1 Rb8 23. f4 g6 24. Bb3 Kg7 25. Kf2 Bb5 26. Ke3 Rd8 27. Rd1 Nd4 28. Nc3 Bc6 29. g4 Rb8 30. Rb1 Bd7 31. Bd1 Rxb1 32. Nxb1 f6 33. Nd2 f5 34. g5 h6 35. h4 hxg5 36. hxg5 Kf7 37. Nb3 Nxb3 38. Bxb3+ Ke7 39. Kd3 Bb5+ 40. Bc4 Bc6 41. Kc3 Bd7 42. Bb3 Bb5 43. a4 Ba6 44. a5 Bb5 45. Bc4 Bc6 46. Bb3 Bb5 47. Bc2 Ba6 48. Bd3 Bb7 49. Bb5 Bd5 50. Ba4 Be6 51. Bb3 Bd7 52. Bg8 Bb5 53. e6 Kf8 54. Bf7 Be8 55. Bxe8 Kxe8 56. Kc4 Ke7 57. Kxc5 Kxe6 58. Kc6 a6 59. Kb6 Kd6 60. Kxa6 Kd5 61. Kb5 Ke4 62. a6 Kxf4 63. a7 Kxg5 64. a8=Q f4 65. Qf3 Kf5 66. Kc4 g5 67. Qh5 Ke4 68. Qxg5 f3 69. Qd2 {Kd5+} 1-0

[Event "EYCC Open-U10 2019"]
[Site "Bratislava"]
[Date "2019.08.06"]
[Round "5.2"]
[White "Usov, Aleksandr E."]
[Black "Vetokhin, Savva"]
[Result "0-1"]
[ECO "B22"]
[WhiteElo "1809"]
[BlackElo "1954"]
[Annotator "NA"]
[PlyCount "130"]
[EventDate "2019.08.02"]
[EventType "swiss"]
[EventCountry "SVK"]
[SourceTitle "playchess.com"]
[Source "ChessBase"]
[SourceQuality "1"]
[TimeControl "40/5400+30:1800+30"]

1. e4 c5 2. c3 Nf6 3. e5 Nd5 4. d4 cxd4 5. Nf3 Nc6 6. cxd4 d6 7. Bc4 dxe5 8. Nxe5 e6 9. Nxc6 bxc6 10. O-O Be7 11. Nc3 O-O 12. Ne4 Nf6 13. Ng5 Qb6 14. Nf3 Rd8 15. Qc2 Bb7 16. Qb3 Nd5 17. Be3 Nxe3 18. fxe3 c5 19. Ne5 Bf6 20. Rad1 cxd4 21. Qxb6 axb6 22. exd4 Rd6 23. Be2 Rxa2 24. Bh5 Rxb2 25. Bf3 Bxf3 26. Nxf3 Rb4 27. Rc1 Bxd4+ 28. Kh1 Bc5 29. Ra1 h6 30. h4 Rd5 31. g3 e5 32. Nh2 Rd7 33. Ra8+ Kh7 34. Nf3 Re7 35. h5 e4 36. Nh4 e3 37. Re1 e2 38. Nf3 Bf2 39. Rc1 e1=Q+ 40. Nxe1 Rxe1+ 41. Rxe1 Bxe1 42. Rf8 Rb5 43. g4 Rg5 44. Rxf7 Rxg4 45. Kh2 Rh4+ 46. Kg2 Rxh5 47. Kg1 b5 48. Rb7 b4 49. Kg2 Rc5 50. Kf1 Rc1 51. Ke2 h5 52. Kf3 h4 53. Kg2 Rb1 54. Kh3 b3 55. Kg4 b2 56. Rb3 Bc3 57. Kg5 Rg1+ 58. Kh5 b1=Q 59. Rxb1 Rxb1 60. Kg4 g5 61. Kh3 Kh6 62. Kg4 Rg1+ 63. Kh3 Kh5 64. Kh2 Bd4 65. Kh3 g4+ 0-1

[Event "EYCC Open-U10 2019"]
[Site "Bratislava"]
[Date "2019.08.06"]
[Round "5.3"]
[White "Finek, Vaclav"]
[Black "Giang, Tran Nam"]
[Result "1-0"]
[ECO "D27"]
[WhiteElo "2043"]
[BlackElo "1931"]
[Annotator "NA"]
[PlyCount "119"]
[EventDate "2019.08.02"]
[EventType "swiss"]
[EventCountry "SVK"]
[SourceTitle "playchess.com"]
[Source "ChessBase"]
[SourceQuality "1"]
[TimeControl "40/5400+30:1800+30"]

1. d4 d5 2. c4 dxc4 3. Nf3 a6 4. e3 e6 5. Bxc4 c5 6. O-O Nf6 7. Nc3 b5 8. Be2 Bb7 9. dxc5 Bxc5 10. Qxd8+ Kxd8 11. Nd2 Nbd7 12. Nb3 Bb6 13. a4 b4 14. a5 Bc7 15. Na4 Bd6 16. Nb6 Nxb6 17. axb6 Ke7 18. Na5 Bd5 19. b7 Rab8 20. Bxa6 Ne4 21. Bb5 Nc5 22. Nc6+ Bxc6 23. Bxc6 Kd8 24. Rd1 Kc7 25. Bf3 Rhd8 26. Bd2 Nb3 27. Ra6 Rxb7 28. Be1 Rb6 29. Rxb6 Kxb6 30. Bxb4 Bc7 31. Bc3 f6 32. Rxd8 Bxd8 33. Bd1 Nc5 34. Bc2 h6 35. b4 Na6 36. Bd4+ Kc6 37. Be4+ Kd7 38. b5 Nb8 39. Bc5 Be7 40. Ba7 Bd6 41. g4 Kc7 42. b6+ Kc8 43. h3 Nd7 44. Kf1 Bb4 45. Ke2 Ba5 46. b7+ Kc7 47. Kd3 Bb4 48. Kc4 Bd6 49. f4 g5 50. f5 exf5 51. gxf5 h5 52. Kd5 Be5 53. Ke6 g4 54. hxg4 hxg4 55. Bd4 Bxd4 56. exd4 g3 57. Bg2 Kd8 58. Bh1 Kc7 59. Ke7 Nb8 60. Kxf6 1-0

[Event "EYCC Open-U10 2019"]
[Site "Bratislava"]
[Date "2019.08.06"]
[Round "5.4"]
[White "Azadaliyev, Jahandar"]
[Black "Efimov, Leonid"]
[Result "1-0"]
[ECO "E20"]
[WhiteElo "1905"]
[BlackElo "1773"]
[Annotator "NA"]
[PlyCount "119"]
[EventDate "2019.08.02"]
[EventType "swiss"]
[EventCountry "SVK"]
[SourceTitle "playchess.com"]
[Source "ChessBase"]
[SourceQuality "1"]
[TimeControl "40/5400+30:1800+30"]

1. d4 Nf6 2. c4 e6 3. Nc3 Bb4 4. g3 O-O 5. Bg2 d5 6. Nf3 dxc4 7. O-O c5 8. dxc5 Qxd1 9. Rxd1 Bd7 10. Ne5 Bc6 11. Be3 Bxg2 12. Kxg2 Na6 13. c6 Bxc3 14. cxb7 Bxe5 15. bxa8=Q Rxa8 16. Rac1 Nd5 17. Rxc4 Nxe3+ 18. fxe3 h6 19. b4 Rb8 20. a3 Nc7 21. Rc5 Nd5 22. Kf3 Bb2 23. Ra5 Rb7 24. Rd3 Kf8 25. e4 Nb6 26. Rc5 Ke7 27. Rc2 Bf6 28. b5 Nd7 29. Rb3 Ne5+ 30. Kg2 Kd7 31. a4 Bd8 32. Rc5 Kd6 33. Rc8 Ba5 34. Rb1 Rc7 35. Rd1+ Ke7 36. Ra8 Bb6 37. Rd2 Nc4 38. Ra2 Ne3+ 39. Kf3 Nc4 40. Kg2 g5 41. e3 Nxe3+ 42. Kf3 g4+ 43. Ke2 Nc4 44. Rc2 Kd6 45. Rd8+ Ke5 46. Kd3 Nd6 47. Rxc7 Bxc7 48. Rd7 Bb6 49. a5 Bg1 50. b6 Nxe4 51. bxa7 Bxa7 52. Rxa7 Nd6 53. a6 Nc8 54. Rxf7 Kd5 55. a7 Nb6 56. Rf8 e5 57. a8=Q+ Nxa8 58. Rxa8 e4+ 59. Ke3 Ke5 60. Ra5+ 1-0

[Event "EYCC Open-U10 2019"]
[Site "Bratislava"]
[Date "2019.08.06"]
[Round "5.5"]
[White "kiladze, Luka"]
[Black "Kononenko, Vladimir"]
[Result "1/2-1/2"]
[ECO "A46"]
[WhiteElo "1683"]
[BlackElo "1667"]
[Annotator "NA"]
[PlyCount "47"]
[EventDate "2019.08.02"]
[EventType "swiss"]
[EventCountry "SVK"]
[SourceTitle "playchess.com"]
[Source "ChessBase"]
[SourceQuality "1"]
[TimeControl "40/5400+30:1800+30"]

1. d4 Nf6 2. Nf3 e6 3. Bf4 c5 4. e3 d5 5. c3 Nc6 6. Bd3 Bd6 7. Bg3 O-O 8. Nbd2 b6 9. O-O Bb7 10. Ne5 Qc7 11. f4 Nd7 12. Ndf3 f6 13. Nxc6 Bxc6 14. Qc2 f5 15. Ne5 Nxe5 16. fxe5 Be7 17. Kh1 Kh8 18. Rg1 g5 19. Raf1 h5 20. Be2 g4 21. Qd2 Kg7 22. Bf4 Rh8 23. Rc1 Qb7 24. b4 1/2-1/2

[Event "EYCC Open-U10 2019"]
[Site "Bratislava"]
[Date "2019.08.06"]
[Round "5.6"]
[White "Warchol, Kamil"]
[Black "Ljepic, Andrej"]
[Result "1-0"]
[ECO "B30"]
[WhiteElo "1573"]
[BlackElo "1824"]
[Annotator "NA"]
[PlyCount "71"]
[EventDate "2019.08.02"]
[EventType "swiss"]
[EventCountry "SVK"]
[SourceTitle "playchess.com"]
[Source "ChessBase"]
[SourceQuality "1"]
[TimeControl "40/5400+30:1800+30"]

1. e4 c5 2. Nf3 Nc6 3. Bb5 Na5 4. Be2 d6 5. d4 cxd4 6. Nxd4 Nf6 7. Nc3 e6 8. O-O Be7 9. Nb3 Nc6 10. Be3 O-O 11. f4 a6 12. a4 b6 13. Bf3 Qc7 14. Qe1 Bb7 15. Rd1 Nd7 16. Qf2 Rab8 17. g4 Ba8 18. g5 Na5 19. Nd4 Nc4 20. Bc1 Rfd8 21. h4 Bf8 22. f5 e5 23. Nb3 Nc5 24. Kh1 Bc6 25. Qe2 b5 26. axb5 axb5 27. Nd5 Bxd5 28. Rxd5 Nb6 29. Nxc5 Nxd5 30. Na6 Qb6 31. Nxb8 Nc7 32. h5 Qxb8 33. Qg2 Qb7 34. g6 fxg6 35. fxg6 h6 36. Bg4 1-0

[Event "EYCC Open-U10 2019"]
[Site "Bratislava"]
[Date "2019.08.06"]
[Round "5.7"]
[White "Toktomushev, Teimur"]
[Black "Hvozdz, Aliaksandr"]
[Result "1/2-1/2"]
[ECO "D14"]
[WhiteElo "1977"]
[BlackElo "1699"]
[Annotator "NA"]
[PlyCount "67"]
[EventDate "2019.08.02"]
[EventType "swiss"]
[EventCountry "SVK"]
[SourceTitle "playchess.com"]
[Source "ChessBase"]
[SourceQuality "1"]
[TimeControl "40/5400+30:1800+30"]

1. d4 Nf6 2. Nf3 c5 3. c3 cxd4 4. cxd4 d5 5. Nc3 Nc6 6. Bf4 Bf5 7. Qb3 a6 8. Qxb7 Na5 9. Qc7 Qxc7 10. Bxc7 Nc4 11. Nh4 Bd7 12. e4 Nxb2 13. e5 Ne4 14. Nxe4 dxe4 15. d5 g5 16. e6 fxe6 17. Be5 Rg8 18. dxe6 Bxe6 19. Bxb2 gxh4 20. g3 h3 21. Be2 Rg5 22. O-O Rc5 23. Rfc1 Rxc1+ 24. Rxc1 Bxa2 25. Ra1 Bd5 26. Bxa6 Bh6 27. Bb5+ Kf7 28. Rxa8 Bxa8 29. Bf1 e3 30. f4 Bf3 31. Bxh3 Bg7 32. Bxg7 Kxg7 33. Bf5 h5 34. Kf1 1/2-1/2

[Event "EYCC Open-U10 2019"]
[Site "Bratislava"]
[Date "2019.08.06"]
[Round "5.8"]
[White "Zverev, Lev"]
[Black "Agasarov, Benik"]
[Result "1-0"]
[ECO "B33"]
[WhiteElo "1849"]
[BlackElo "1697"]
[Annotator "NA"]
[PlyCount "85"]
[EventDate "2019.08.02"]
[EventType "swiss"]
[EventCountry "SVK"]
[SourceTitle "playchess.com"]
[Source "ChessBase"]
[SourceQuality "1"]
[TimeControl "40/5400+30:1800+30"]

1. e4 c5 2. Nf3 d6 3. d4 cxd4 4. Nxd4 Nf6 5. Nc3 Nc6 6. Bg5 e5 7. Ndb5 a6 8. Na3 b5 9. Nd5 Be7 10. Bxf6 Bxf6 11. c3 Be6 12. Nc2 Be7 13. a4 Rb8 14. axb5 axb5 15. b4 O-O 16. Bd3 Qd7 17. O-O f5 18. f3 Bd8 19. Be2 Ne7 20. Nce3 Bb6 21. Nxb6 Rxb6 22. Nd5 Bxd5 23. exd5 Rc8 24. Qb3 Qb7 25. Rfd1 Ra6 26. Rac1 Rb6 27. Kf1 Kf8 28. Qb1 g6 29. Qd3 Ra8 30. f4 e4 31. Qd4 Kf7 32. g4 Rf8 33. g5 Ke8 34. h4 Kd7 35. Kf2 Ra6 36. h5 gxh5 37. Rh1 Ra2 38. Rxh5 Qxd5 39. Rxh7 Qe6 40. Kf1 Rb8 41. Rd1 Kc6 42. c4 e3 43. Rh6 {[%emt 0:00:41] Kd5} 1-0

[Event "EYCC Open-U10 2019"]
[Site "Bratislava"]
[Date "2019.08.06"]
[Round "5.9"]
[White "Deladerriere, Apollo"]
[Black "Zienkiewicz, Jan"]
[Result "1/2-1/2"]
[ECO "B23"]
[WhiteElo "1696"]
[BlackElo "1804"]
[Annotator "NA"]
[PlyCount "159"]
[EventDate "2019.08.02"]
[EventType "swiss"]
[EventCountry "SVK"]
[SourceTitle "playchess.com"]
[Source "ChessBase"]
[SourceQuality "1"]
[TimeControl "40/5400+30:1800+30"]

1. e4 c5 2. Nc3 a6 3. f4 d6 4. g3 Nc6 5. Bg2 g6 6. d3 Bg7 7. Nh3 e6 8. O-O Nge7 9. Be3 O-O 10. Qd2 Nd4 11. Rf2 d5 12. Raf1 b5 13. g4 b4 14. Ne2 f5 15. gxf5 exf5 16. e5 Nxe2+ 17. Rxe2 Qb6 18. Qe1 Bb7 19. Bf2 d4 20. Bh4 Bxg2 21. Rxg2 Nd5 22. Bf2 Rae8 23. Qd2 h6 24. Re1 Kh7 25. Kh1 Re6 26. Ng1 g5 27. Nh3 g4 28. Ng1 a5 29. Ne2 Qc6 30. Kg1 a4 31. Rb1 Rb8 32. Ng3 Ne7 33. Nh5 Ng6 34. Kf1 Qd5 35. b3 a3 36. Rg1 Rf8 37. Re1 Qf3 38. Rg2 Qh3 39. Nxg7 Kxg7 40. Bg3 h5 41. Ree2 h4 42. Be1 Ne7 43. Qc1 Qf3+ 44. Ref2 Qc6 45. Bd2 Rg6 46. Qd1 Rh8 47. Ke2 Nd5 48. Qg1 Kf7 49. Rf1 Nc7 50. Rff2 Ke7 51. Rf1 Kd8 52. Qf2 Kc8 53. Rfg1 Rhh6 54. Ke1 Kb8 55. Ke2 Ka7 56. Ke1 Nd5 57. Ke2 Nc7 58. Ke1 Ne6 59. h3 g3 60. Qf1 Nf8 61. Ke2 Nd7 62. Qf3 Kb6 63. Qxc6+ Kxc6 64. Kf3 Nb6 65. Re1 Re6 66. Rge2 Rhg6 67. Kg2 Nd5 68. Kf3 Kd7 69. Kg2 Nc7 70. Kf3 Re8 71. Kg2 Ke6 72. Kf3 Nd5 73. Kg2 Reg8 74. Rg1 R8g7 75. Kf3 Rd7 76. Kg2 Nc3 77. Bxc3 dxc3 78. Rf1 Rd4 79. Rf3 Rd7 80. Re1 1/2-1/2

[Event "EYCC Open-U10 2019"]
[Site "Bratislava"]
[Date "2019.08.06"]
[Round "5.10"]
[White "Averin, Nikolay"]
[Black "Torosyan, Bagrat"]
[Result "1-0"]
[ECO "B80"]
[WhiteElo "1840"]
[BlackElo "1586"]
[Annotator "NA"]
[PlyCount "122"]
[EventDate "2019.08.02"]
[EventType "swiss"]
[EventCountry "SVK"]
[SourceTitle "playchess.com"]
[Source "ChessBase"]
[SourceQuality "1"]
[TimeControl "40/5400+30:1800+30"]

1. e4 c5 2. Nf3 e6 3. d4 cxd4 4. Nxd4 Nf6 5. Nc3 d6 6. Be3 a6 7. Qf3 Be7 8. O-O-O Qc7 9. Qg3 O-O 10. Bh6 Nh5 11. Qg4 Qc5 12. Be3 Nf6 13. Qf3 Qc7 14. g4 Nc6 15. g5 Nd7 16. h4 Nde5 17. Qg3 b5 18. f4 Nc4 19. Ndxb5 axb5 20. Nxb5 Qa5 21. Bxc4 d5 22. exd5 exd5 23. Rxd5 Nb4 24. Re5 Nxa2+ 25. Kd1 Bb7 26. Rh2 Rfd8+ 27. Rd2 Rxd2+ 28. Bxd2 Qd8 29. Qe3 Bf8 30. c3 Qd7 31. Kc2 Qg4 32. Na3 Bxa3 33. bxa3 Bc6 34. Bxa2 Ba4+ 35. Kd3 Rd8+ 36. Rd5 Qf5+ 37. Kd4 Rxd5+ 38. Bxd5 Qd7 39. c4 g6 40. Bb4 Bc2 41. Qe7 Qxe7 42. Bxe7 h5 43. gxh6 Kh7 44. Bg5 f6 45. Bxf6 Kxh6 46. c5 Bf5 47. c6 Kh5 48. Bf3+ Kh6 49. c7 Bc8 50. a4 Kh7 51. a5 Kg8 52. Be2 Kf7 53. Ke5 Ke8 54. Kd6 Kf7 55. Bd4 Ke8 56. a6 g5 57. fxg5 Kf7 58. h5 Kg8 59. h6 Kh7 60. Bd3+ Kg8 61. h7+ Kf8 1-0

[Event "EYCC Open-U10 2019"]
[Site "Bratislava"]
[Date "2019.08.06"]
[Round "5.12"]
[White "Ermitsch, Magnus"]
[Black "Rudnev, Andrei"]
[Result "1-0"]
[ECO "B11"]
[WhiteElo "1750"]
[BlackElo "1607"]
[Annotator "NA"]
[PlyCount "53"]
[EventDate "2019.08.02"]
[EventType "swiss"]
[EventCountry "SVK"]
[SourceTitle "playchess.com"]
[Source "ChessBase"]
[SourceQuality "1"]
[TimeControl "40/5400+30:1800+30"]

1. e4 c6 2. Nc3 d5 3. Nf3 Bg4 4. h3 Bh5 5. exd5 cxd5 6. Bb5+ Nc6 7. g4 Bg6 8. Ne5 Rc8 9. d4 e6 10. Qe2 Be7 11. h4 Bxh4 12. Bf4 Be4 13. Nxe4 dxe4 14. O-O-O Be7 15. f3 exf3 16. Qxf3 Qd5 17. Qd3 Nf6 18. Bxc6+ bxc6 19. Qa6 O-O 20. g5 Qe4 21. gxf6 Qxf4+ 22. Kb1 gxf6 23. Rdg1+ Kh8 24. Nxf7+ Rxf7 25. Qxc8+ Rf8 26. Qxe6 Ba3 27. Qd7 1-0

[Event "EYCC Open-U10 2019"]
[Site "Bratislava"]
[Date "2019.08.06"]
[Round "5.13"]
[White "Golovchenko, Bogdan"]
[Black "Gusev, Mikhail"]
[Result "1-0"]
[ECO "C02"]
[WhiteElo "1723"]
[BlackElo "1575"]
[Annotator "NA"]
[PlyCount "67"]
[EventDate "2019.08.02"]
[EventType "swiss"]
[EventCountry "SVK"]
[SourceTitle "playchess.com"]
[Source "ChessBase"]
[SourceQuality "1"]
[TimeControl "40/5400+30:1800+30"]

1. e4 e6 2. d4 d5 3. e5 c5 4. c3 Nc6 5. Nf3 Nge7 6. Bd3 cxd4 7. cxd4 Nf5 8. Bxf5 exf5 9. a3 Be7 10. b4 a6 11. O-O Be6 12. Bb2 g5 13. Nbd2 Qb6 14. Nb3 a5 15. bxa5 Nxa5 16. Nxa5 Rxa5 17. Bc3 Rb5 18. a4 Rb3 19. Rb1 Rxb1 20. Qxb1 Qa6 21. Bb4 g4 22. Nd2 Qxa4 23. Bxe7 Kxe7 24. Qxb7+ Kf8 25. Nb3 Kg7 26. Nc5 Qe8 27. Rb1 Qc8 28. Qe7 Re8 29. Qf6+ Kg8 30. Rb7 Qc6 31. Rxf7 Bxf7 32. Qxc6 Rb8 33. h4 Rb1+ 34. Kh2 1-0

[Event "EYCC Open-U10 2019"]
[Site "Bratislava"]
[Date "2019.08.06"]
[Round "5.14"]
[White "Navoyan, Gagik"]
[Black "Simbelov, Roman T."]
[Result "1-0"]
[ECO "E06"]
[WhiteElo "1670"]
[BlackElo "1560"]
[Annotator "NA"]
[PlyCount "92"]
[EventDate "2019.08.02"]
[EventType "swiss"]
[EventCountry "SVK"]
[SourceTitle "playchess.com"]
[Source "ChessBase"]
[SourceQuality "1"]
[TimeControl "40/5400+30:1800+30"]

1. d4 d5 2. Nf3 Nf6 3. c4 e6 4. g3 Be7 5. Bg2 O-O 6. O-O c6 7. Nc3 Nbd7 8. Qc2 b6 9. e4 Ba6 10. e5 Ne8 11. Nd2 Rc8 12. Rd1 f6 13. cxd5 cxd5 14. Qa4 Nc7 15. exf6 Bxf6 16. Nf3 b5 17. Qa5 Be7 18. Bf4 Nb8 19. Bxc7 Qxc7 20. Qxc7 Rxc7 21. Rac1 b4 22. Nxd5 Rd7 23. Nxe7+ Rxe7 24. Ne5 Rd8 25. f4 Bb5 26. Bf1 Be8 27. Bc4 Nc6 28. Nxc6 Bxc6 29. Kf2 Kf8 30. Ke3 g6 31. h4 Bd5 32. b3 h5 33. Bd3 Kf7 34. Rc5 Rb7 35. Rdc1 Rdd7 36. Rc8 Kg7 37. R1c5 Re7 38. Be4 a6 39. Kf3 Rb6 40. R8c7 Bxe4+ 41. Kxe4 Rxc7 42. Rxc7+ Kf6 43. Rc5 Rb5 44. Rxb5 axb5 45. d5 exd5+ 46. Kxd5 Kf5 1-0

[Event "EYCC Open-U10 2019"]
[Site "Bratislava"]
[Date "2019.08.06"]
[Round "5.15"]
[White "Tolmacevs, Artjoms"]
[Black "Gal, Andrej"]
[Result "0-1"]
[ECO "B33"]
[WhiteElo "1583"]
[BlackElo "1705"]
[Annotator "NA"]
[PlyCount "74"]
[EventDate "2019.08.02"]
[EventType "swiss"]
[EventCountry "SVK"]
[SourceTitle "playchess.com"]
[Source "ChessBase"]
[SourceQuality "1"]
[TimeControl "40/5400+30:1800+30"]

1. e4 c5 2. Nf3 Nc6 3. d4 cxd4 4. Nxd4 Nf6 5. Nc3 e5 6. Ndb5 d6 7. Bg5 a6 8. Na3 b5 9. Nd5 Be7 10. Bxf6 Bxf6 11. c3 O-O 12. Nc2 Bg5 13. a4 bxa4 14. Rxa4 a5 15. h4 Bh6 16. g4 Bf4 17. Bb5 Ne7 18. Nxf4 exf4 19. Qf3 Ng6 20. g5 Ne5 21. Qg2 Bg4 22. Nd4 Rb8 23. O-O Rxb5 24. Nxb5 Qd7 25. f3 Qxb5 26. Rd4 Be6 27. Rxd6 Qc5+ 28. Rd4 Nc6 29. Qf2 Nxd4 30. cxd4 Qb6 31. Ra1 Bb3 32. Kg2 Rc8 33. Qg1 Qe6 34. Rxa5 Rc2+ 35. Kf1 Qh3+ 36. Ke1 Qxh4+ 37. Kf1 Bc4# 0-1

[Event "EYCC Open-U10 2019"]
[Site "Bratislava"]
[Date "2019.08.06"]
[Round "5.16"]
[White "Medhus, Vitus Bondo"]
[Black "Mehtizada, Murad"]
[Result "1-0"]
[ECO "C11"]
[WhiteElo "1704"]
[BlackElo "1516"]
[Annotator "NA"]
[PlyCount "43"]
[EventDate "2019.08.02"]
[EventType "swiss"]
[EventCountry "SVK"]
[SourceTitle "playchess.com"]
[Source "ChessBase"]
[SourceQuality "1"]
[TimeControl "40/5400+30:1800+30"]

1. e4 e6 2. Nf3 d5 3. Nc3 Nf6 4. e5 Nfd7 5. d4 c5 6. dxc5 Bxc5 7. Bd3 Nc6 8. Bf4 h6 9. O-O O-O 10. Qd2 Qe7 11. Rae1 a6 12. a3 b5 13. b4 Bb6 14. Ne2 Bb7 15. c3 Rad8 16. Bc2 Rfe8 17. Ng3 Nf8 18. Nh5 Nd7 19. Bxh6 gxh6 20. Qxh6 f5 21. exf6 Qf7 22. Bg6 1-0

[Event "EYCC Open-U10 2019"]
[Site "Bratislava"]
[Date "2019.08.06"]
[Round "5.17"]
[White "Royal, Shreyas"]
[Black "Perossa, Nicolas"]
[Result "1-0"]
[ECO "A61"]
[WhiteElo "1996"]
[BlackElo "1661"]
[Annotator "NA"]
[PlyCount "61"]
[EventDate "2019.08.02"]
[EventType "swiss"]
[EventCountry "SVK"]
[SourceTitle "playchess.com"]
[Source "ChessBase"]
[SourceQuality "1"]
[TimeControl "40/5400+30:1800+30"]

1. d4 Nf6 2. c4 c5 3. d5 e6 4. Nc3 exd5 5. cxd5 d6 6. Nf3 g6 7. Bf4 a6 8. a4 Bg7 9. h3 h6 10. e3 Bf5 11. Bd3 Bxd3 12. Qxd3 Qe7 13. O-O O-O 14. Nd2 Nh5 15. Bh2 Be5 16. Bxe5 Qxe5 17. Nc4 Qe7 18. e4 Nf4 19. Qf3 g5 20. Ne2 Nxe2+ 21. Qxe2 Nd7 22. a5 Ne5 23. Ne3 Nd7 24. Nf5 Qf6 25. f4 Rfe8 26. Qh5 Qg6 27. Qxg6+ fxg6 28. Nxd6 Re7 29. fxg5 hxg5 30. Nxb7 Rxe4 31. Rac1 1-0

[Event "EYCC Open-U10 2019"]
[Site "Bratislava"]
[Date "2019.08.06"]
[Round "5.18"]
[White "Haubold, Sebastian Marcel"]
[Black "Salinas Tomas, Daniel"]
[Result "0-1"]
[ECO "B07"]
[WhiteElo "1455"]
[BlackElo "2001"]
[Annotator "NA"]
[PlyCount "78"]
[EventDate "2019.08.02"]
[EventType "swiss"]
[EventCountry "SVK"]
[SourceTitle "playchess.com"]
[Source "ChessBase"]
[SourceQuality "1"]
[TimeControl "40/5400+30:1800+30"]

1. e4 d6 2. d4 Nf6 3. Nc3 Nbd7 4. Nf3 e5 5. dxe5 dxe5 6. a3 Be7 7. Bc4 h6 8. O-O O-O 9. h3 c6 10. Be3 b5 11. Bb3 a5 12. Nd2 Ba6 13. Re1 Qc7 14. Qf3 Bc5 15. Qg3 Bxe3 16. Rxe3 Nc5 17. Rf3 Qe7 18. Re1 b4 19. axb4 axb4 20. Ncb1 Nxb3 21. cxb3 Rfe8 22. Ree3 Rad8 23. h4 Rd4 24. Re1 g6 25. Rfe3 Nh5 26. Qg4 Red8 27. Nf3 Bc8 28. Nxd4 exd4 29. Qe2 dxe3 30. Qxe3 Qxh4 31. Qxh6 Qf4 32. Qxf4 Nxf4 33. g3 Ne6 34. Kg2 Rd3 35. Re3 Rd1 36. f4 Rxb1 37. f5 Rxb2+ 38. Kf1 Nd4 39. Rd3 Ba6 0-1

[Event "EYCC Open-U10 2019"]
[Site "Bratislava"]
[Date "2019.08.06"]
[Round "5.19"]
[White "Asikainen, Eeli"]
[Black "Povshednyi, Ivan"]
[Result "1-0"]
[ECO "B22"]
[WhiteElo "1447"]
[BlackElo "1872"]
[Annotator "NA"]
[PlyCount "129"]
[EventDate "2019.08.02"]
[EventType "swiss"]
[EventCountry "SVK"]
[SourceTitle "playchess.com"]
[Source "ChessBase"]
[SourceQuality "1"]
[TimeControl "40/5400+30:1800+30"]

1. e4 c5 2. c3 d5 3. exd5 Qxd5 4. d4 Nf6 5. Nf3 e6 6. Na3 a6 7. Nc4 Qd8 8. Bd3 Be7 9. O-O O-O 10. Bc2 cxd4 11. cxd4 Nc6 12. a3 h6 13. Qd3 b5 14. Ne3 g6 15. Nd1 Kg7 16. Be3 Bb7 17. Nh4 Na5 18. Nc3 Qe8 19. Qd2 Ng4 20. Nf3 Nc4 21. Qc1 Rc8 22. h3 Ngxe3 23. fxe3 Nxa3 24. Bd3 b4 25. bxa3 Rxc3 26. Qb1 b3 27. Ne5 Bg5 28. Nc4 Qc6 29. Qb2 Rc2 30. d5+ Rxb2 31. dxc6 Bxc6 32. Nxb2 Bxe3+ 33. Kh2 Bd4 34. Rab1 Be5+ 35. Kh1 Rd8 36. Nc4 Bc7 37. Rxb3 e5 38. Ne3 Ba4 39. Rb7 Rd7 40. Nd5 Bd8 41. Rxd7 Bxd7 42. Bxa6 Be6 43. Rd1 Ba5 44. Ne3 Bc3 45. Bc4 Bc8 46. Rd8 Bb7 47. Rd7 Be4 48. Rxf7+ Kh8 49. Nd5 Bxd5 50. Bxd5 Bd4 51. a4 g5 52. a5 h5 53. a6 g4 54. hxg4 hxg4 55. a7 Bxa7 56. Rxa7 g3 57. Ra3 e4 58. Bxe4 Kg8 59. Rxg3+ Kh8 60. Rf3 Kg8 61. g4 Kg7 62. g5 Kg8 63. g6 Kg7 64. Rf7+ Kg8 65. Bd5 1-0

[Event "EYCC Open-U10 2019"]
[Site "Bratislava"]
[Date "2019.08.06"]
[Round "5.20"]
[White "Helms, Finn"]
[Black "Sowinski, Pawel"]
[Result "1-0"]
[ECO "A20"]
[WhiteElo "1787"]
[BlackElo "1644"]
[Annotator "NA"]
[PlyCount "125"]
[EventDate "2019.08.02"]
[EventType "swiss"]
[EventCountry "SVK"]
[SourceTitle "playchess.com"]
[Source "ChessBase"]
[SourceQuality "1"]
[TimeControl "40/5400+30:1800+30"]

1. c4 e5 2. g3 Nf6 3. Bg2 d5 4. cxd5 Nxd5 5. Nc3 Nb6 6. Nf3 Nc6 7. O-O Be7 8. d3 O-O 9. a3 Re8 10. b4 Be6 11. Bb2 a6 12. Ne4 f6 13. Rc1 Qd7 14. Re1 a5 15. b5 Na7 16. a4 c6 17. bxc6 Nxc6 18. Nc5 Bxc5 19. Rxc5 Qd6 20. Rb5 Nb4 21. Nd2 Qc7 22. Ne4 Bd7 23. Rc5 Qb8 24. Nc3 Qd6 25. Ne4 Qf8 26. Qb3+ Kh8 27. Ra1 Bc6 28. Rcc1 Rec8 29. d4 Bd5 30. Qd1 Nc4 31. Bc3 f5 32. Bxb4 Qxb4 33. Nc5 Bxg2 34. Kxg2 Nb2 35. Qb3 Qxb3 36. Nxb3 exd4 37. Nxa5 b6 38. Rxc8+ Rxc8 39. Nb3 Ra8 40. Nxd4 Rxa4 41. Rxa4 Nxa4 42. Nxf5 g6 43. Nd4 Kg7 44. e4 Nc3 45. e5 Nd5 46. f4 h6 47. Kf3 Kf7 48. Ke4 Nc3+ 49. Kd3 Nd5 50. Nb5 Ke6 51. Ke4 Ne7 52. g4 Kd7 53. Nd4 Nc8 54. f5 Ne7 55. f6 Nc8 56. Kd5 Na7 57. e6+ Ke8 58. Nc6 Nc8 59. e7 Kf7 60. Nd8+ Ke8 61. Ke6 Nxe7 62. fxe7 b5 63. Nf7 1-0